 Dungeon Crawl Stone Soup version 0.31.0-12-g77e489cdc1 (webtiles) character file.

Game seed: 17195939176665001668

478 firemarshallily the Trooper (level 6, -3/62 HPs)
             Began as a Troll Brigand on Feb 27, 2024.
             Slain by a sleepcap (18 damage)
             ... on level 4 of the Dungeon.
             The game lasted 00:09:38 (2366 turns).

firemarshallily the Trooper (Troll Brigand)         Turns: 2366, Time: 00:09:38

Health: -3/62      AC:  5    Str: 22    XL:     6   Next: 86%
Magic:  5/5        EV:  1    Int:  7    God:
Gold:   170        SH:  0    Dex: 11    Spells: 5/5 levels left

rFire   . . .        a - +2 dagger
rCold   . . .        (no shield)
rNeg    . . .        b - +0 robe
rPois   .            (helmet restricted)
rElec   .            c - +0 cloak
rCorr   +            (gloves unavailable)
SInv    .            (boots unavailable)
Will    .....        (no amulet)
Stlth   ++           o - ring of resist corrosion
HPRegen 1.10/turn    (no ring)
MPRegen 0.09/turn

%: no passive effects
@: sleeping
A: large, unfitting armour, claws 3, regeneration 1, shaggy fur 1, tough skin 1
a: no special abilities


You were on level 4 of the Dungeon.
You visited 1 branch of the dungeon, and saw 4 of its levels.

You collected 170 gold pieces.

Inventory:

Hand Weapons
 a - a +2 dagger (weapon)
 f - a +1 hammer of venom
Missiles
 d - 10 poisoned darts (quivered)
 e - 2 curare-tipped darts
 j - 2 atropa-tipped darts
 p - 6 silver javelins
Armour
 b - a +0 robe (worn)
 c - a +0 cloak (worn)
Jewellery
 o - a ring of resist corrosion (left claw)
Scrolls
 g - 3 scrolls of teleportation
 h - a scroll of fog {unknown}
 i - a scroll of identify {unknown}
 k - a scroll of revelation {unknown}
 l - a scroll of vulnerability {unknown}
 m - a scroll of butterflies {unknown}
Potions
 n - a potion of degeneration {unknown}
 q - 2 potions of heal wounds {unknown}


   Skills:
 * Level 4.1 Fighting
 - Level 1.5 Short Blades
 - Level 1.7 Throwing
 + Level 2.3 Armour
 + Level 2.5 Dodging
 - Level 2.1 Stealth
 + Level 2.9 Unarmed Combat


You had 5 spell levels left.
You didn't know any spells.
Your spell library contained the following spells:

 Spells                   Type           Power      Damage    Failure   Level
 Summon Small Mammal      Summ           0%         N/A       43%         1
 Call Canine Familiar     Summ           0%         N/A       80%         3
 Summon Blazeheart Golem  Fire/Summ      0%         N/A       99%         4


Dungeon Overview and Level Annotations

Branches:
Dungeon (4/15)
 Temple: D:4-7

Altars:


Innate Abilities, Weirdness & Mutations

You are too large for most types of armour.
You have claws for hands.
Your natural rate of healing is unusually fast.
You are covered in fur. (AC +1)
You have tough skin. (AC +1)


Message History

The sleepcap releases spores at you.
You hit the sleepcap but do no damage.
The sleepcap is moderately damaged.
You hit the sleepcap.
The sleepcap is moderately damaged.
The sleepcap releases spores at you.
You are engulfed in a cloud of soporific spores!
You fall asleep.
The sleepcap releases spores at you!!
You wake up.
You are engulfed in a cloud of soporific spores!
You are unaffected.
You hit the sleepcap.
The sleepcap is heavily damaged.
The sleepcap releases spores at you.
You are engulfed in a cloud of soporific spores!
You are unaffected.
You hit the sleepcap but do no damage.
The sleepcap is heavily damaged.
The sleepcap releases spores at you.
* * * LOW HITPOINT WARNING * * *
You hit the sleepcap.
The sleepcap is severely damaged.
The sleepcap releases spores at you.
* * * LOW HITPOINT WARNING * * *
You hit the sleepcap.
The sleepcap is severely damaged.
The sleepcap releases spores at you.
* * * LOW HITPOINT WARNING * * *
You hit the sleepcap but do no damage.
The sleepcap is severely damaged.
The sleepcap closely misses you.
You hit the sleepcap.
The sleepcap is severely damaged.
The sleepcap releases spores at you.
* * * LOW HITPOINT WARNING * * *
You are engulfed in a cloud of soporific spores!
You fall asleep.
The sleepcap releases spores at you but does no damage.
The sleepcap releases spores at you!!
You die...

# .#.##########
.........@f.#.##
#......)........#
.#####.##.##.#..
#........#
.########..##.#..#
.......<..#.#.#.##
############... #
#... ##.#


You could see a sleepcap.

Vanquished Creatures
  Grinder (D:3)
  2 bombardier beetles
  Crazy Yiuf (D:3)
  Natasha (thrice) (D:3)
  Robin (D:2)
  3 adders
  A ribbon worm (D:3)
  A dart slug (D:2)
  4 orcs (D:3)
  4 bats
  6 endoplasms (D:1)
  2 giant cockroaches (D:1)
  13 goblins
  9 hobgoblins
  2 jackals (D:3)
  2 kobolds
  5 quokkas
  7 ball pythons
  3 frilled lizards
  3 rats
73 creatures vanquished.

Notes
Turn   | Place    | Note
-------+----------+-------------------------------------------
     0 | D:1      | firemarshallily the Troll Brigand began the quest for the
                  | Orb.
     0 | D:1      | Reached XP level 1. HP: 19/19 MP: 0/0
   173 | D:1      | Reached XP level 2. HP: 23/28 MP: 1/1
   200 | D:1      | Reached skill level 1 in Dodging
   251 | D:1      | Reached skill level 2 in Fighting
   682 | D:2      | Reached skill level 1 in Unarmed Combat
   682 | D:2      | Reached XP level 3. HP: 35/35 MP: 2/2
   796 | D:2      | Reached skill level 1 in Armour
   796 | D:2      | Reached XP level 4. HP: 6/44 MP: 3/3
   912 | D:2      | Noticed Robin
  1011 | D:2      | Killed Robin
  1459 | D:3      | Noticed Natasha
  1473 | D:3      | Reached skill level 3 in Fighting
  1491 | D:3      | Killed Natasha
  1492 | D:3      | Reached XP level 5. HP: 49/53 MP: 4/4
  1618 | D:3      | Noticed Natasha
  1628 | D:3      | Killed Natasha
  1669 | D:3      | Noticed Natasha
  1678 | D:3      | Killed Natasha
  1825 | D:3      | Noticed Grinder
  1834 | D:3      | Paralysed by Grinder for 4 turns
  1842 | D:3      | Killed Grinder
  1843 | D:3      | Reached XP level 6. HP: 62/62 MP: 5/5
  1915 | D:3      | Reached skill level 4 in Fighting
  1941 | D:3      | Found a runed translucent door.
  1942 | D:3      | Noticed Crazy Yiuf
  1977 | D:3      | Killed Crazy Yiuf
  2366 | D:4      | Slain by a sleepcap

Illustrated notes

Levels and vault maps discovered:
D:1:      eino_arrival_cavern_a, layout_loops_ring
D:2:      layout_basic, uniq_robin
D:3:      layout_basic, uniq_natasha, uniq_crazy_yiuf_cottage, uniq_grinder
D:4:      layout_loops_ring, minivault_14, hangedman_abyss_or_decor_passed

Skill      XL: |  1  2  3  4  5  6 |
---------------+-------------------+-----
Dodging        | 1 2 |  2.5
Fighting       | 2 3 4 |  4.1
Unarmed Combat | 1 2 |  2.9
Armour         | 1 2 |  2.3
Short Blades   | |  1.5
Throwing       | |  1.7
Stealth        | |  2.1

Action                     |  1- 3 |  4- 6 || total
---------------------------+-------+-------++-------
  Melee: Dagger            |   124 |   221 ||   345
         Punch             |     2 |     5 ||     7
  Throw: Dart              |     1 |    38 ||    39
         Javelin           |       |     1 ||     1
    Use: Scroll            |       |     1 ||     1
         Potion            |       |     4 ||     4
   Stab: Sleeping          |     4 |     1 ||     5
 Armour: Robe              |    89 |   153 ||   242
  Dodge: Dodged            |    51 |   114 ||   165
